 Dungeon Crawl Stone Soup version 0.20.1-1-g8b1a95d (webtiles) character file.

126 equalderp2856 the Chopper (level 4, -3/40 HPs)
             Began as a Minotaur Fighter on Oct 23, 2017.
             Killed by divine providence
             ... invoked by an orc priest
              (13 damage)
             ... on level 3 of the Dungeon.
             The game lasted 00:02:01 (2073 turns).

equalderp2856 the Chopper (Minotaur Fighter)        Turns: 2073, Time: 00:02:02

Health: -3/40      AC: 10    Str: 20    XL:     4   Next: 84%
Magic:  3/3        EV:  7    Int:  5    God:
Gold:   129        SH: 10    Dex: 14    Spells: 3/3 levels left

rFire    . . .     SeeInvis .   a - +0 war axe
rCold    . . .     Gourm    .   c - +0 shield
rNeg     . . .     Faith    .   b - +0 scale mail
rPois    .         Spirit   .   (helmet restricted)
rElec    .         Reflect  .   (no cloak)
rCorr    .         Harm     .   h - +2 pair of gloves {Dex+3}
MR       .....                  (no boots)
Stlth    ..........             (no amulet)
Regen    0.2/turn               (no ring)
MPRegen  0.1/turn               (no ring)

@: no status effects
A: retaliatory headbutt, horns 2
a: no special abilities


You were on level 3 of the Dungeon.
You were not hungry.

You visited 1 branch of the dungeon, and saw 3 of its levels.

You collected 129 gold pieces.

Inventory:

Hand Weapons
 a - a +0 war axe (weapon)
Armour
 b - a +0 scale mail (worn)
 c - a +0 shield (worn)
 h - a +2 pair of gloves of dexterity (worn)
Jewellery
 q - a cursed ring of loudness {unknown}
Scrolls
 g - a scroll of identify {unknown}
 k - a scroll of enchant weapon {unknown}
 n - a scroll of immolation {unknown}
 o - 2 scrolls of fog {unknown}
 p - a scroll of remove curse {unknown}
 r - a scroll of noise {unknown}
Potions
 d - a potion of might
 e - a potion of agility {unknown}
 j - 3 potions of curing {unknown}
 l - a potion of lignification {unknown}
 m - a potion of flight {unknown}
 u - a potion of mutation {unknown}
Comestibles
 f - 5 bread rations
 i - 3 meat rations
 s - 4 fruits
 t - a royal jelly


   Skills:
 + Level 4.0 Fighting
 + Level 4.6 Axes
 + Level 4.5 Armour
 + Level 0.1 Stealth
 + Level 4.2 Shields


You had 3 spell levels left.
You didn't know any spells.

Dungeon Overview and Level Annotations

Branches:
Dungeon (3/15)

Altars:
Fedhas
Hepliaklqana

Annotations:
D:3 Natasha


Innate Abilities, Weirdness & Mutations

You reflexively headbutt those who attack you in melee.
You have a pair of horns on your head.


Message History

The orc priest mumbles some strange prayers to Beogh against you.
Beogh smites you!
You hear an angry hiss.
You are too injured to fight recklessly!
Unknown command.
Natasha, Servant of Life and Death comes into view.
Natasha hisses angrily.
The orc priest invokes the aid of Beogh against you.
Pain shoots through your body!
* * * LOW HITPOINT WARNING * * *
Things that are here:
a hand axe; a leather armour You block the orc priest's attack.
Natasha howls an incantation.
Natasha glows brightly for a moment.
You closely miss the orc priest. You headbutt the orc priest.
The orc priest is lightly wounded.
The orc priest calls down the wrath of Beogh upon you.
Beogh smites you!
You die...

######### #.)@oh..#
#.#####.# #.####
#....# ##....#
#############...[.##
..<.......[..._...[..#
.#####.####.....######
.# #.# #....##


You could see an orc priest and Natasha.

Vanquished Creatures
  A worker ant (D:3)
  4 adders
  A worm (D:2)
  A dart slug (D:1)
  2 leopard geckos (D:2)
  5 orcs (D:3)
  2 goblins
  7 hobgoblins
  8 jackals
  6 kobolds
  A quokka (D:3)
  7 bats
  2 frilled lizards (D:1)
  8 rats
55 creatures vanquished.

Notes
Turn   | Place    | Note
-------+----------+-------------------------------------------
     0 | D:1      | equalderp2856 the Minotaur Fighter began the quest for the Orb.
     0 | D:1      | Reached XP level 1. HP: 19/19 MP: 0/0
    87 | D:1      | Reached XP level 2. HP: 23/27 MP: 1/1
   537 | D:1      | Reached XP level 3. HP: 33/33 MP: 2/2
  1726 | D:2      | Found a blossoming altar of Fedhas.
  1971 | D:2      | Reached XP level 4. HP: 36/40 MP: 3/3
  2039 | D:3      | Found a hazy altar of Hepliaklqana.
  2071 | D:3      | Noticed Natasha
  2073 | D:3      | Killed from afar by an orc priest

Skill      XL: |  1  2  3  4 |
---------------+-------------+-----
Armour         | 4 |  4.5
Shields        | 4 |  4.2
Axes           | 3 4 |  4.6
Fighting       | 4 |  4.0
Stealth        | |  0.1

Action                   |  1- 3 |  4- 6 || total
-------------------------+-------+-------++-------
Melee: War axe           |   103 |    31 ||   134
       Headbutt          |    14 |     7 ||    21
  Eat: Chunk             |     3 |     1 ||     4
Armor: Scale mail        |    41 |    10 ||    51
Dodge: Dodged            |    34 |     8 ||    42
Block: Shield            |    51 |    18 ||    69
